 Dungeon Crawl Stone Soup version 0.28-a0-1613-gdaab1c2f9b (webtiles) character file.

Game seed: 17983498936890773911

291971 Shayle the Warrior (level 21, 0/140 HPs)
             Began as a Djinni Warper on Jan 20, 2022.
             Was an Elder of Ashenzari.
             Slain by a deep elf blademaster (15 damage)
             ... on level 2 of the Elven Halls on Jan 21, 2022.
             The game lasted 04:50:13 (57765 turns).

Shayle the Warrior (Djinni Warper)                 Turns: 57765, Time: 04:50:19

Health: 0/140      AC: 25    Str: 12      XL:     21   Next: 68%
Gold:   1600       EV: 22    Int: 17 (19) God:    Ashenzari [****..] SH:  9 Dex: 14

rFire   + + .      SeeInvis +   q - +9 rapier "Sublime Sybil" {drain, Fort, Self} (curse)
rCold   x . .      Faith    .   f - +3 warlock's mirror {reflect}
rNeg    . . .      Spirit   +   V - +4 moon troll leather armour {Spirit, Regen++ MP+5}
rPois   ∞          Reflect  +   c - +2 helmet of Ashenzari's Affliction {Self, Cun} (curse)
rElec   .          Harm     .   m - +1 cloak of Starlight {*Dazzle EV+4 Stlth--}
rCorr   .          Rampage  .   G - +2 pair of gloves "Chagrin of the Empyrean" {Self, Melee} (curse)
Will    ++...      Clarity  +   (boots unavailable)
Stlth   ++........              U - amulet of Ashenzari's Malaise {Regen+, Melee, Self} (curse)
HPRegen 0.00/turn               k - ring "Ensconced Foul Odours" {AC+4, Range, Self} (curse)
MPRegen 0.00/turn               l - ring "Bound Idealism" {SInv, Cun, Melee} (curse)

@: flying, inhibited regen
A: sickness immunity, fire resistance 2, cold vulnerability 1, float, innate
caster, hp casting, extra vitality 1, [berserk 2], [dopey 2], [frail 2],
[inhibited regeneration], [no potion heal 2], [subdued magic 2]
}: 2/15 runes: serpentine, barnacled
a: Renounce Religion, Curse Item, Shatter the Chains


You were on level 2 of the Elven Halls.
You worshipped Ashenzari.
Ashenzari was greatly pleased with you.
You visited 7 branches of the dungeon, and saw 34 of its levels.
You visited the Abyss 1 time.
You also visited: Sewer and Ice Cave.

You collected 3520 gold pieces.
You spent 1920 gold pieces at shops.

Inventory:

Hand Weapons
 q - the cursed +9 rapier "Sublime Sybil" (weapon) {drain, Fort, Self}
   (You bought it in a shop on level 6 of the Dungeon)

   A truly terrible weapon, it drains the life of any living foe it strikes.
   It has a curse which improves the following skills: Fortitude: Armour and
   Shields.
   Introspection: Fighting and Spellcasting.
 J - a +2 short sword of distortion
Missiles
 a - 8 silver javelins (quivered)
 y - 7 throwing nets
 D - 4 curare-tipped darts
 E - 20 atropa-tipped darts
Armour
 c - the cursed +2 helmet of Ashenzari's Affliction (worn) {Self, Cun}
   (You found it on level 4 of the Dungeon)

   It has a curse which improves the following skills: Introspection: Fighting
   and Spellcasting.
   Cunning:   Dodging and Stealth.
 f - the +3 warlock's mirror (worn) {reflect}
   (You acquired it on level 2 of the Dungeon)

   It can block and reflect piercing ranged attacks and magical attacks against
   the wielder's willpower.
 m - the +1 cloak of Starlight (worn) {*Dazzle EV+4 Stlth--}
   (You bought it in a shop on level 2 of the Elven Halls)

   It may blind those who miss an attack against the wearer in melee combat.
   EV:        It affects your evasion (+4).
   Stlth:     It makes you much less stealthy.
 G - the cursed +2 pair of gloves "Chagrin of the Empyrean" (worn) {Self, Melee}
   (You found it on level 7 of the Dungeon)

   It has a curse which improves the following skills: Introspection: Fighting
   and Spellcasting.
   Melee Combat: Short Blades, Long Blades, Axes, Maces & Flails, Polearms,
   Staves and Unarmed Combat.
 V - the +4 moon troll leather armour (worn) {Spirit, Regen++ MP+5}
   (You found it on level 6 of the Lair of Beasts)

   MP:        It affects your magic capacity (+5).
   Regen:     It increases your rate of health regeneration.
Jewellery
 b - the ring of the Tortoise {AC+8}
   (You took it off a salamander on level 2 of the Snake Pit)

   [ring of protection]

   AC:        It affects your AC (+8).
 k - the cursed ring "Ensconced Foul Odours" (left hand) {AC+4, Range, Self}
   (You found it in a sewer)

   [ring of protection]

   AC:        It affects your AC (+4).
   It has a curse which improves the following skills: Ranged Combat: Slings,
   Bows, Crossbows and Throwing.
   Introspection: Fighting and Spellcasting.
 l - the cursed ring "Bound Idealism" (right hand) {SInv, Cun, Melee}
   (You found it on level 2 of the Dungeon)

   [ring of see invisible]

   SInv:      It lets you see invisible.
   It has a curse which improves the following skills: Cunning: Dodging and
   Stealth.
   Melee Combat: Short Blades, Long Blades, Axes, Maces & Flails, Polearms,
   Staves and Unarmed Combat.
 N - a ring of resist corrosion
 U - the cursed amulet of Ashenzari's Malaise (around neck) {Regen+, Melee, Self}
   (You found it on level 6 of the Lair of Beasts)

   [amulet of regeneration]

   Regen:     It increases your rate of health regeneration.
   It has a curse which improves the following skills: Melee Combat: Short
   Blades, Long Blades, Axes, Maces & Flails, Polearms, Staves and Unarmed
   Combat.
   Introspection: Fighting and Spellcasting.
Wands
 o - a wand of paralysis (7)
 t - a wand of charming (11)
 v - a wand of digging (13)
 L - a wand of acid (1)
 O - a wand of mindburst (13)
 X - a wand of flame (21)
Scrolls
 d - 8 scrolls of teleportation
 h - 3 scrolls of silence
 i - a scroll of fear
 s - 5 scrolls of immolation
 B - 4 scrolls of fog
 I - a scroll of summoning
 K - 3 scrolls of magic mapping
 Q - 2 scrolls of holy word
Potions
 e - 12 potions of curing
 g - 4 potions of haste
 j - 3 potions of ambrosia
 n - a potion of berserk rage
 p - 6 potions of cancellation
 r - a potion of heal wounds
 u - 9 potions of mutation
 w - 8 potions of lignification
 z - 6 potions of brilliance
 S - 5 potions of might
 T - a potion of invisibility
Miscellaneous
 x - a piece from Xom's chessboard (15/15)
 P - a lightning rod (4/4)
 W - a tin of tremorstones (2/2)


   Skills:
 + Level 17.6(22.9) Fighting
 - Level 8.5(10.5) Throwing
 + Level 15.2(17.0) Armour
 - Level 10.9(13.8) Dodging
 - Level 7.1(10.1) Stealth
 - Level 5.0(6.9) Shields
 + Level 16.1(19.8) Unarmed Combat
 + Level 14.0(19.5) Spellcasting


You couldn't memorise any spells.
You knew the following spells:

 Your Spells              Type           Power      Damage    Failure   Level
a - Blink                 Tloc           100%       N/A       0%          2
b - Lesser Beckoning      Tloc           51%        N/A       0%          3
c - Gell's Gravitas       Tloc           51%        N/A       0%          3
d - Teleport Other        Tloc           51%        N/A       0%          3
e - Manifold Assault      Tloc           51%        N/A       0%          5
f - Beastly Appendage     Tmut           100%       N/A       0%          1
g - Corpse Rot            Necr/Air       100%       N/A       0%          2
h - Tukima's Dance        Hex            51%        N/A       0%          3
i - Petrify               Tmut/Erth      51%        N/A       0%          4
j - Metabolic Englaciati  Hex/Ice        25%        N/A       0%          5
k - Lee's Rapid Deconstr  Erth           25%        3d15*     0%          5
l - Summon Cactus Giant   Summ           25%        N/A       1%          6
m - Starburst             Conj/Fire      25%        6d8       1%          6
n - Storm Form            Tmut/Air       25%        N/A       1%          7
o - Spellforged Servitor  Conj/Summ      25%        N/A       1%          7
Your spell library was empty.

Dungeon Overview and Level Annotations

Branches:
Dungeon (15/15)            Temple (1/1) D:6            Lair (6/6) D:9
 Shoals (4/4) Lair:4        Snake (4/4) Lair:3        Slime (0/5) Lair:5
    Orc (2/2) D:11            Elf (2/3) Orc:2        Vaults (0/5) D:14
 Depths (0/4) D:15          Sewer (visited)           IceCv (visited)

Altars:
Ashenzari
Cheibriados
Dithmenos
Elyvilon
Fedhas
Gozag
Hepliaklqana
Kikubaaqudgha
Makhleb
Nemelex Xobeh
Okawaru
Qazlal
Ru
Sif Muna
Trog
Uskayaw
Vehumet
Wu Jian
Xom
Yredelemnul
Zin
The Shining One
Beogh
Lugonu

Shops:
D:6 ?(**   D:9 [   D:13 =   D:15 !   Orc:2 (:(?(   Elf:1 :   Elf:2 [
Shoals:3 :   Shoals:4 ===   Snake:1 (   Snake:2 (   Snake:4 ::=

Portals:
Abyss: Lair:6

Annotations:
Shoals:1 3 runed translucent doors, dolemite99's ghost, adept DsGl
Elf:2 2 runed translucent doors, Foybonoth's ghost, adept MiFi


Innate Abilities, Weirdness & Mutations

You are immune to sickness and miasma.
You are immune to poison.
Your flesh is very heat resistant. (rF++)
You are vulnerable to cold. (rC-)
You float through the air rather than walking.
You learn spells naturally, not from books.
Your magical power is your life essence.
You have superior vitality. (+4 MHP)
[You often lose your temper in combat.]
[You are very dopey. (Int -4)]
[You are very frail. (-20% HP)]
[You do not regenerate when monsters are visible.]
[Potions cannot restore your health.]
[Your spells are easier to cast, but less powerful.]


Message History

You block the mana viper's attack.
The thrashing horror is struck by your cactus giant's spines.
The thrashing horror tramples your cactus giant.
Your cactus giant holds its ground!
The thrashing horror tramples your cactus giant.
Your cactus giant holds its ground!
Your cactus giant barely misses the thrashing horror.
The thrashing horror is struck by your cactus giant's spines.
The thrashing horror tramples your cactus giant.
Your cactus giant holds its ground!
The thrashing horror tramples your cactus giant.
Your cactus giant holds its ground!
Your cactus giant is destroyed!
Your cactus giant disappears in a puff of smoke!
The mana viper barely misses you.
A large abomination comes into view.
A dire elephant skeleton comes into view.
The thrashing horror churns violently!
The thrashing horror seems to grow stronger.
Unknown command.
The mana viper bites you!
* * * LOW HITPOINT WARNING * * *
There is a gateway leading out of the Abyss here.
Unknown command.
The mana viper closely misses you.
The large abomination hits you but does no damage.
You pass through the gate.
Welcome back to the Elven Halls!
Level annotation: 2 runed translucent doors, Foybonoth's ghost, adept MiFi The deep elf blademaster hits you but does no damage.
The deep elf blademaster hits you with a +0 rapier.
* * * LOW HITPOINT WARNING * * *
The +4 long sword of distortion closely misses you.
The deep elf blademaster hits you with a +0 rapier!
* * * LOW HITPOINT WARNING * * *
The deep elf blademaster hits you but does no damage.
The +2 glaive of protection completely misses you.
The +4 long sword of distortion barely misses you.
The deep elf blademaster hits you with a +0 rapier!
You die...

,,, ,...# * ###########..#
,, . .#. *####.......###..#
,,,,..#...####.........##..#
, .#....###...)....)..#..# *
,#.....##.....###....#..#
,,**
.......+...#######.....# , *
......(##############..# *
......)'.(.#######.....#
,#.....##.eX@.###....#.## ,
,.#..E°###.(Se.......#.## ,
..#.○☼####....)....##'## ,
...#.,#####.......###..# ,
.. ###############..# ,, ,.
, *##)......)'......# , , ,
*##.......##......# , ,
###.###..###.....# , ,,,
##.###..#####)'##


You could see a deep elf blademaster (drained), a deep elf knight (drained), a
large abomination, a mana viper and 3 dancing weapons.

Vanquished Creatures
  2 profane servitors (Abyss:3)
  Asterion (Lair:3)
  Polyphemus (Shoals:2)
  An Executioner (Abyss:3)
  A kraken (Shoals:1)
  6 tentacled starspawn
  Kirke (Lair:3)
  Roxanne (Snake:1)
  A revenant (Abyss:3)
  13 nagarajas
  A deep elf sorcerer (Elf:1)
  Ilsuiw (Shoals:2)
  Aizul (Snake:2)
  Nessos (D:12)
  A stone giant (D:15)
  A red draconian (Abyss:3)
  Snorg (Lair:6)
  6 merfolk impalers
  6 merfolk javelineers
  Josephine (Snake:1)
  A great orb of eyes (Abyss:3)
  3 boulder beetles
  Fannar (Lair:2)
  13 hydras
  14 naga warriors
  A salamander tyrant (Snake:4)
  A catoblepas (Lair:4)
  8 centaur warriors
  2 death knights
  5 merfolk avatars
  5 anacondas
  2 ogre magi
  An alligator snapping turtle (Shoals:4)
  7 merfolk aquamancers
  7 dancing weapons
  3 satyrs
  5 tengu warriors
  6 two-headed ogres
  5 death yaks
  7 thrashing horrors (Abyss:3)
  Urug (D:14)
  10 naga sharpshooters
  7 shock serpents
  5 orc high priests
  Sonja (D:10)
  5 wretched stars (Abyss:3)
  8 deep elf knights
  A sixfirhy (Abyss:3)
  2 salamander mystics
  5 naga ritualists (Snake:4)
  11 sea snakes
  3 glowing orange brains (Abyss:3)
  4 deep elf archers (Elf:2)
  A flayed ghost (Abyss:3)
  3 wizards
  27 harpies
  A harpy (shapeshifter) (D:15)
  11 deep elf zephyrmancers
  A phantasmal warrior (D:14)
  8 ugly things
  23 deep elf pyromancers
  13 manticores
  A salamander (shapeshifter) (Lair:6)
  6 mana vipers
  11 salamanders
  6 orc sorcerers
  An iron dragon skeleton (Abyss:3)
  An oklob plant (Lair:2)
  23 fauns
  8 cyclopes
  12 elephants
  10 guardian serpents
  2 worldbinders (Abyss:3)
  17 merfolk sirens
  38 black mambas
  4 water nymphs
  6 naga magi
  7 smoke demons
  An apocalypse crab (Abyss:3)
  A gargoyle (D:13)
  6 rime drakes
  2 unseen horrors
  12 cane toads
  3 kobold demonologists
  2 unseen horrors (shapeshifter)
  10 komodo dragons
  2 efreet
  2 hellwings (Abyss:3)
  2 tengu conjurers
  3 ancient zymes
  4 freezing wraiths
  29 merfolk
  2 meliai (Shoals:2)
  4 trolls
  6 wind drakes
  A meliai zombie (D:11)
  6 polar bears
  4 slime creatures
  A hydra skeleton (Abyss:3)
  4 raiju (Abyss:3)
  11 snapping turtles
  13 dream sheep
  34 blink frogs
  A jumping spider (shapeshifter) (D:13)
  An air elemental (Elf:2)
  4 shadows
  19 water elementals
  A centaur simulacrum (D:15)
  7 wraiths
  34 yaks
  2 vampires
  A ynoxinul (Abyss:2)
  3 large abominations (Abyss:3)
  2 fire elementals (Elf:2)
  7 basilisks
  5 hogs
  4 wyverns
  A steam dragon (Lair:2)
  15 humans
  4 vampire mosquitoes (D:14)
  3 chaos spawn
  2 neqoxecs
  2 acid dragons
  8 wargs
  41 nagas
  A swamp worm (shapeshifter) (D:11)
  16 water moccasins
  Pargi (Sewer)
  A swamp drake (D:11)
  8 orc warriors
  An ice beast (D:8)
  A sky beast (shapeshifter) (D:11)
  12 starcursed masses (Abyss:3)
  2 necrophages (D:5)
  A hornet zombie (D:7)
  8 ogres
  2 boggarts
  11 wolves
  8 centaurs
  5 kobold brigands
  A phantom (D:5)
  3 earth elementals
  16 bullfrogs
  A gnoll sergeant (D:8)
  5 wyvern zombies
  21 small abominations
  A scorpion (D:5)
  A wyvern skeleton (D:5)
  19 killer bees
  15 wights
  4 howler monkeys
  5 electric eels (D:11)
  A komodo dragon simulacrum (IceCv)
  2 quasits (Abyss:3)
  A bullfrog zombie (D:5)
  8 centaur zombies
  2 jellies
  A bullfrog skeleton (D:5)
  2 hounds
  37 orc priests
  2 iguanas (D:5)
  2 iron imps (Abyss:3)
  A scorpion zombie (D:5)
  11 orc wizards
  5 gnolls
  4 adders
  2 shadow imps (D:6)
  2 white imps
  2 ufetubi
  4 worms
  4 dart slugs
  68 orcs
  4 bats
  4 bat zombies (D:13)
  6 endoplasms
  A giant cockroach (Sewer)
  4 goblins
  4 hobgoblins
  4 quokkas
  5 ball pythons
  7 frilled lizards
  24 kobolds
  7 rats
1182 creatures vanquished.

Vanquished Creatures (collateral kills)
  A bone dragon (Abyss:3)
  Rupert (D:14)
  A kraken (Shoals:4)
  A tentacled starspawn (Abyss:3)
  A deep elf elementalist (Abyss:3)
  A minotaur (Shoals:2)
  A merfolk impaler (Shoals:4)
  A naga warrior (Snake:4)
  A quicksilver dragon skeleton (Abyss:3)
  A hydra (D:11)
  2 catoblepae
  A centaur warrior (Shoals:1)
  An anaconda (Snake:3)
  A merfolk aquamancer (Shoals:4)
  A two-headed ogre (D:12)
  A death yak (Shoals:2)
  3 hell hogs (Abyss:3)
  A dancing weapon (Elf:1)
  2 orc high priests (Orc:2)
  A naga sharpshooter (Snake:4)
  A soul eater (Abyss:3)
  5 thrashing horrors
  A deep elf knight (Elf:2)
  5 large abominations
  3 sea snakes
  2 naga ritualists
  A deep elf zephyrmancer (Elf:2)
  3 deep elf pyromancers
  5 mana vipers (Snake:1)
  2 fauns (Shoals:2)
  A manticore (Shoals:2)
  A salamander (Snake:3)
  An elephant (Shoals:2)
  2 black mambas (Snake:1)
  A smoke demon (Lair:6)
  A cane toad (Lair:6)
  3 freezing wraiths
  2 hellwings (Abyss:3)
  A tengu conjurer (D:14)
  An ancient zyme (Lair:6)
  A queen bee (D:10)
  A meliai (Shoals:2)
  2 snapping turtles
  3 slime creatures
  A jumping spider (shapeshifter) (Lair:6)
  2 ynoxinuls
  2 water elementals
  A nameless horror (Lair:6)
  2 fire elementals
  2 humans (D:14)
  A neqoxec (Abyss:3)
  2 chaos spawn (Abyss:3)
  3 orc warriors
  An ogre (D:4)
  3 centaurs (D:11)
  6 wights
  4 killer bees (D:10)
  An orc priest (Orc:2)
  2 gnolls (D:8)
  An orc (D:9)
  A ball python (shapeshifter) (Abyss:3)
  A tentacle (Shoals:4)
109 creatures vanquished.

Vanquished Creatures (others)
  A tentacled starspawn (Abyss:3)
  An orc high priest (Orc:2)
  A harpy (Shoals:1)
  11 dancing weapons
  An ancient zyme (Abyss:3)
  A human (Snake:1)
  A small abomination (Abyss:3)
  A quasit (Abyss:3)
  2 orc priests
  An orc (D:11)
  A bush (Lair:4)
  40 fungi
  98 plants
  20 starspawn tentacles
  21 tentacles
201 creatures vanquished.

Grand Total: 1492 creatures vanquished

Notes
Turn   | Place    | Note
-------+----------+-------------------------------------------
     0 | D:1      | Shayle the Djinni Warper began the quest for the Orb.
     0 | D:1      | Reached XP level 1. HP: 18/18 MP: 0/0
   542 | D:1      | Reached XP level 2. HP: 23/23 MP: 0/0
  1215 | D:1      | You are sucked into a shaft and drop 1 floor!
  1317 | D:2      | Reached XP level 3. HP: 21/29 MP: 0/0
  1317 | D:2      | Learned a level 1 spell: Beastly Appendage
  2014 | D:3      | Found a glowing drain.
  2024 | Sewer    | Entered a sewer
  2071 | Sewer    | Noticed Pargi
  2083 | Sewer    | HP: 1/29 [Pargi (2)]
  2463 | Sewer    | Killed Pargi
  2464 | Sewer    | Reached skill level 3 in Fighting
  2464 | Sewer    | Reached XP level 4. HP: 13/35 MP: 0/0
  2464 | Sewer    | Reached XP level 5. HP: 15/40 MP: 0/0
  2464 | Sewer    | Learned a level 2 spell: Corpse Rot
  3344 | D:2      | Found a faded altar of an unknown god.
  3445 | D:2      | Identified a scroll of acquirement
  3447 | D:2      | Acquired the +3 warlock's mirror {reflect}
  3447 | D:2      | Found the +3 warlock's mirror {reflect}
  3768 | D:3      | Reached XP level 6. HP: 32/47 MP: 0/0
  3885 | D:3      | Reached skill level 1 in Shields
  4574 | D:4      | Noticed an ogre
  4587 | D:4      | Killed an ogre
  4720 | D:4      | Reached skill level 4 in Fighting
  4939 | D:4      | Reached XP level 7. HP: 50/52 MP: 0/0
  4939 | D:4      | Learned a level 3 spell: Tukima's Dance
  5219 | D:5      | Entered Level 5 of the Dungeon
  5785 | D:5      | Reached XP level 8. HP: 58/58 MP: 0/0
  6111 | D:5      | Reached skill level 5 in Fighting
  6111 | D:5      | Reached skill level 5 in Unarmed Combat
  6411 | D:6      | Found Qatz's Magic Scroll Emporium.
  6418 | D:6      | Bought a scroll of enchant armour for 105 gold pieces
  6418 | D:6      | Bought a scroll of magic mapping for 49 gold pieces
  6418 | D:6      | Bought a scroll of fog for 28 gold pieces
  6418 | D:6      | Bought a scroll of noise for 14 gold pieces
  6502 | D:6      | Found a white marble altar of Elyvilon.
  6570 | D:6      | Found Ufybel's Antique Weapon Boutique.
  7604 | D:6      | Found Quvvor's Neck Hole.
  7617 | D:6      | Bought a +0 cloak for 54 gold pieces
  7694 | D:6      | Found Gajir's General Store.
  7700 | D:6      | Bought a +0 pair of gloves for 49 gold pieces
  7716 | D:6      | Found a staircase to the Ecumenical Temple.
  7736 | Temple   | Entered the Ecumenical Temple
  7779 | Temple   | Became a worshipper of Ashenzari the Shackled
  7821 | D:6      | Reached XP level 9. HP: 59/66 MP: 0/0
  7821 | D:6      | Learned a level 4 spell: Petrify
  8617 | D:6      | Bought a potion of heal wounds for 55 gold pieces
  8871 | D:7      | Reached skill level 6 in Fighting
  8871 | D:7      | Reached skill level 5 in Spellcasting
  8877 | D:7      | Identified the +1 ring mail "Ackemur" {Will+}
  9333 | D:7      | Reached skill level 1 in Stealth
  9658 | D:8      | Reached skill level 5 in Shields
 10771 | D:9      | Found Kiogruih's Armour Emporium.
 10780 | D:10     | Entered Level 10 of the Dungeon
 10866 | D:10     | Reached skill level 7 in Fighting
 10866 | D:10     | Reached XP level 10. HP: 39/75 MP: 0/0
 11209 | D:10     | Noticed Sonja
 11217 | D:10     | Killed Sonja
 11501 | D:10     | Noticed a kobold demonologist
 11503 | D:10     | Noticed a kobold demonologist
 11504 | D:10     | Noticed a kobold demonologist
 12444 | D:9      | Found a staircase to the Lair.
 12763 | D:9      | Noticed a kobold demonologist
 12934 | D:8      | Noticed a rust devil
 12939 | D:8      | Killed a kobold demonologist
 12940 | D:8      | Reached skill level 8 in Fighting
 13298 | D:9      | Noticed a kobold demonologist
 13325 | D:9      | Noticed an ice devil
 13326 | D:9      | Killed a kobold demonologist
 13735 | D:9      | Reached XP level 11. HP: 42/82 MP: 0/0
 13735 | D:9      | Learned a level 5 spell: Metabolic Englaciation
 14077 | D:9      | Reached skill level 5 in Stealth
 14199 | D:9      | Reached * piety under Ashenzari
 14498 | Lair:1   | Entered Level 1 of the Lair of Beasts
 14499 | Lair:1   | Identified the Tome of Dark Rites and the Escort
 14642 | D:6      | Bought a glowing rapier for 203 gold pieces
 15505 | Lair:1   | Identified the cursed +2 helmet of Ashenzari's Affliction
                  | {Self, Cun} (You found it on level 4 of the Dungeon)
 16095 | Lair:1   | Reached skill level 9 in Fighting
 16352 | Lair:2   | Noticed a six-headed hydra
 16363 | Lair:2   | Killed a six-headed hydra
 16364 | Lair:2   | Noticed Fannar
 16947 | D:11     | Identified the +1 leather armour of Nyinioq {Rampage rC+
                  | rCorr Int+3}
 16951 | D:11     | Noticed a wizard
 17008 | D:11     | Found a frozen archway.
 17016 | IceCv    | Entered an ice cave
 17240 | D:11     | Reached ** piety under Ashenzari
 17473 | D:11     | Noticed a harpy
 17492 | D:11     | Killed a wizard
 17493 | D:11     | Reached skill level 1 in Throwing
 17499 | D:11     | Noticed a tengu warrior
 17519 | D:11     | Reached XP level 12. HP: 92/95 MP: 0/0
 17620 | D:11     | Noticed a boulder beetle
 17718 | D:10     | Identified the Catalogue of the Feathery Volcanoes
 18109 | Lair:2   | Killed Fannar
 18752 | Lair:2   | Noticed an eight-headed hydra
 19447 | D:12     | Reached *** piety under Ashenzari
 20250 | D:12     | Noticed Nessos
 20264 | D:12     | Noticed a two-headed ogre
 20271 | D:12     | Reached skill level 10 in Fighting
 20271 | D:12     | Reached skill level 10 in Unarmed Combat
 20428 | D:13     | Noticed a boulder beetle
 20458 | D:13     | Killed a boulder beetle
 20752 | D:13     | Noticed a centaur warrior
 20765 | D:13     | Killed a centaur warrior
 21313 | D:13     | Found Uwimogal's Jewellery Shoppe.
 21314 | D:13     | Identified the +1 ring mail "Ytot" {Harm rF+}
 21420 | D:13     | Noticed a tengu warrior
 21505 | D:12     | Killed Nessos
 22061 | D:11     | Noticed a seven-headed hydra
 22074 | D:11     | Killed a seven-headed hydra
 22134 | D:11     | Killed a boulder beetle
 22135 | D:11     | Reached XP level 13. HP: 65/103 MP: 0/0
 22135 | D:11     | Learned a level 5 spell: Lee's Rapid Deconstruction
 22376 | Lair:2   | Killed an eight-headed hydra
 24119 | Lair:2   | Reached skill level 5 in Dodging
 25259 | Lair:3   | Found a staircase to the Snake Pit.
 25553 | Lair:3   | Reached skill level 11 in Fighting
 25992 | Lair:4   | Noticed a seven-headed hydra
 26144 | Lair:4   | Noticed a four-headed hydra
 26169 | Lair:4   | Killed a four-headed hydra
 26234 | Lair:4   | Found a glowing silver altar of Zin.
 26328 | Lair:4   | Noticed a catoblepas
 26396 | Lair:4   | Noticed a seven-headed hydra
 26397 | Lair:4   | Killed a catoblepas
 26398 | Lair:4   | Reached skill level 5 in Throwing
 28524 | D:11     | Found a staircase to the Orcish Mines.
 28690 | D:11     | Identified the +4 mace "Nyrgh" {flame, rF+++ SInv}
 28696 | D:11     | Noticed a six-headed hydra
 29565 | Lair:3   | Reached XP level 14. HP: 58/112 MP: 0/0
 31203 | Lair:4   | Found a staircase to the Shoals.
 32502 | Lair:5   | Found a staircase to the Slime Pits.
 32826 | Lair:6   | Entered Level 6 of the Lair of Beasts
 32837 | Lair:6   | Noticed Snorg
 32887 | Lair:6   | Killed Snorg
 32888 | Lair:6   | Reached skill level 12 in Fighting
 32933 | Lair:6   | Found a shadowy altar of Dithmenos.
 35130 | Lair:5   | Reached XP level 15. HP: 29/120 MP: 0/0
 35130 | Lair:5   | Learned a level 6 spell: Summon Cactus Giant
 36606 | Lair:6   | Reached skill level 10 in Spellcasting
 37234 | Lair:6   | Found a corrupted altar of Lugonu.
 37234 | Lair:6   | Found a one-way gate to the infinite horrors of the Abyss.
 37234 | Lair:6   | Found the +4 moon troll leather armour {Spirit, Regen++
                  | MP+5}
 37236 | Lair:6   | Identified the +4 ring mail of the Apricot {Will+ SInv}
 38622 | D:11     | Reached skill level 13 in Fighting
 38657 | D:11     | Reached skill level 10 in Dodging
 39428 | D:14     | Noticed Rupert
 39428 | D:14     | Noticed Urug
 39428 | D:14     | Found a gate to the Vaults.
 39548 | D:14     | Reached XP level 16. HP: 130/130 MP: 0/0
 39859 | D:14     | Killed Urug
 39865 | D:14     | Paralysed by an ogre mage for 7 turns
 40515 | D:14     | Killed Rupert
 40613 | D:15     | Entered Level 15 of the Dungeon
 40738 | Orc:1    | Entered Level 1 of the Orcish Mines
 40832 | Orc:2    | Entered Level 2 of the Orcish Mines
 41075 | Orc:1    | Found a shimmering altar of Xom.
 41697 | Orc:1    | Found a burning altar of Makhleb.
 41697 | Orc:1    | Identified the +6 whip "Dipuloch" {holy, rF+++ Will+ Str+2
                  | Dex-5}
 42325 | Orc:2    | Found Emnetif's Weapon Shoppe.
 42325 | Orc:2    | Found Veusiott's Book Boutique.
 42723 | Orc:2    | Found Vesetuill's Antique Weapon Boutique.
 42824 | Orc:2    | Found Wacvacou's Antique Weapon Shoppe.
 42824 | Orc:2    | Found Yshron's Magic Scroll Boutique.
 42839 | Orc:2    | Bought a scroll of teleportation for 36 gold pieces
 42839 | Orc:2    | Bought a scroll of teleportation for 36 gold pieces
 42839 | Orc:2    | Bought a scroll of fog for 24 gold pieces
 42893 | Orc:2    | Found a staircase to the Elven Halls.
 43691 | D:15     | Found a shadowy altar of Dithmenos.
 44006 | D:15     | Reached skill level 5 in Armour
 44060 | D:15     | Found a staircase to the Depths.
 44076 | D:15     | Reached skill level 14 in Fighting
 44150 | D:15     | Identified the +0 chain mail of the Distant Future {rN+
                  | Str+6}
 44162 | D:15     | Found Tasezub's Distillery.
 44170 | D:15     | Bought a potion of experience for 750 gold pieces
 44170 | D:15     | Bought 2 potions of curing for 90 gold pieces
 44243 | D:15     | Reached XP level 17. HP: 105/138 MP: 0/0
 44243 | D:15     | Learned a level 6 spell: Starburst
 44495 | Snake:1  | Entered Level 1 of the Snake Pit
 44537 | Snake:1  | Identified Roxanne's Reference Book on Shape Shifting
 44537 | Snake:1  | Noticed Roxanne
 44571 | Snake:1  | Killed Roxanne
 44620 | Snake:1  | Identified Sif Muna's Foundations of Witchery
 44668 | Snake:1  | Found Pegegrus's Antique Weapon Shoppe.
 44777 | Snake:1  | Noticed Josephine
 44791 | Snake:1  | Killed Josephine
 45388 | Snake:1  | Noticed Kirke
 45436 | Lair:3   | Reached XP level 18. HP: 134/145 MP: 0/0
 45568 | Lair:3   | Killed Kirke
 45568 | Lair:3   | Identified the cursed +9 rapier "Sublime Sybil" {drain,
                  | Fort, Self} (You bought it in a shop on level 6 of the
                  | Dungeon)
 45568 | Lair:3   | Identified the cursed +2 pair of gloves "Chagrin of the
                  | Empyrean" {Self, Melee} (You found it on level 7 of the
                  | Dungeon)
 45568 | Lair:3   | Identified the cursed ring "Ensconced Foul Odours" {AC+4,
                  | Range, Self} (You found it in a sewer)
 45568 | Lair:3   | Identified the cursed ring "Bound Idealism" {SInv, Cun,
                  | Melee} (You found it on level 2 of the Dungeon)
 45780 | Snake:1  | Noticed Asterion
 45793 | Snake:1  | Noticed an Executioner
 45867 | Lair:3   | Killed Asterion
 46500 | Snake:2  | Reached skill level 10 in Armour
 46530 | Snake:2  | Noticed Aizul
 46536 | Snake:2  | Killed Aizul
 46681 | Snake:2  | Found Usocumi's Weapon Shop.
 47399 | Snake:3  | Reached skill level 15 in Fighting
 47710 | Snake:3  | Reached XP level 19. HP: 34/152 MP: 0/0
 47710 | Snake:3  | Learned a level 7 spell: Storm Form
 47884 | Snake:4  | Entered Level 4 of the Snake Pit
 47966 | Snake:4  | Found Tomn's Jewellery Boutique.
 47966 | Snake:4  | Found Seawa's Book Emporium.
 47967 | Snake:4  | Found Bilopp's Book Emporium.
 48766 | Snake:4  | Got a serpentine rune of Zot
 49372 | Shoals:1 | Entered Level 1 of the Shoals
 49664 | Shoals:1 | Found a runed translucent gate.
 49664 | Shoals:1 | Found a runed translucent gate.
 49664 | Shoals:1 | Found a runed translucent gate.
 49665 | Shoals:1 | Noticed dolemite99's ghost (adept DsGl)
 50133 | Shoals:1 | Reached skill level 16 in Fighting
 50422 | Shoals:1 | Upgraded the game from 0.28-a0-1594-ga885d4b3d6 to
                  | 0.28-a0-1613-gdaab1c2f9b
 50650 | Shoals:1 | Reached XP level 20. HP: 132/162 MP: 0/0
 51000 | Shoals:2 | Noticed Ilsuiw
 51531 | Shoals:2 | Noticed Polyphemus
 51640 | Shoals:2 | Found a hide-covered altar of Uskayaw.
 51681 | Shoals:2 | Killed Ilsuiw
 51755 | Shoals:2 | Killed Polyphemus
 52261 | Shoals:3 | Reached **** piety under Ashenzari
 52451 | Shoals:3 | Found Diddoor's Book Boutique.
 52459 | Shoals:3 | Reached skill level 15 in Unarmed Combat
 53049 | Shoals:4 | Entered Level 4 of the Shoals
 53130 | Shoals:4 | Found Umulocic's Jewellery Shoppe.
 53207 | Shoals:4 | Identified the +10 short sword of Floods {freeze, rPois rN+
                  | Str+4 Dex-3}
 53447 | Shoals:4 | Found Liojiafi's Jewellery Shop.
 53448 | Shoals:4 | Found Awuto's Jewellery Shop.
 53454 | Shoals:4 | Reached skill level 17 in Fighting
 53514 | Shoals:4 | Reached XP level 21. HP: 125/175 MP: 0/0
 53514 | Shoals:4 | Learned a level 7 spell: Spellforged Servitor
 53586 | Shoals:4 | Got a barnacled rune of Zot
 53648 | Shoals:4 | Identified the +1 scale mail of the Nexus {rPois Int+3
                  | Slay-3}
 54410 | Elf:1    | Entered Level 1 of the Elven Halls
 54495 | Elf:1    | Found Afoxta's Book Emporium.
 55783 | Elf:2    | Reached skill level 15 in Armour
 55813 | Elf:2    | Identified the +5 morningstar "Beicep" {chaos, Fragile rF-
                  | rCorr Int+8}
 55815 | Elf:2    | Identified the amulet "Wosaa" {RegenMP rPois rF- Stlth+}
 55819 | Elf:2    | Found a runed translucent door.
 55819 | Elf:2    | Found a shimmering altar of Xom.
 55819 | Elf:2    | Noticed Foybonoth's ghost (adept MiFi)
 55883 | Elf:2    | Paralysed by an air elemental for 1 turns
 56081 | Elf:2    | Found a runed translucent door.
 56119 | Elf:2    | Found a runed translucent door.
 56253 | Elf:2    | Found Nimiy's Armour Shop.
 56258 | Elf:2    | Bought the +1 cloak of Starlight {*Dazzle EV+4 Stlth--} for
                  | 427 gold pieces
 56258 | Elf:2    | Found the +1 cloak of Starlight {*Dazzle EV+4 Stlth--}
 56548 | Elf:2    | Cast into level 2 of the Abyss (+4 long sword of
                  | distortion)
 56845 | Abyss:3  | Noticed a profane servitor
 56859 | Abyss:3  | Killed a profane servitor
 57206 | Abyss:3  | Noticed a profane servitor
 57223 | Abyss:3  | Killed a profane servitor
 57701 | Abyss:3  | Noticed a bone dragon
 57747 | Abyss:3  | Killed a bone dragon
 57765 | Elf:2    | Escaped the Abyss
 57765 | Elf:2    | Slain by a deep elf blademaster

Illustrated notes

Levels and vault maps discovered:
D:1:      psy_arrival_wood_between_worlds, layout_basic
D:2:      layout_loops_ring, hellmonk_ecumenical_altar_pennies_from_heaven,
          basic_altar, minmay_statues_item, chequers_serial_rivers_large_a
D:3:      layout_basic, cheibrodos_sewer_entry_bend
D:4:      layout_basic
D:5:      layout_loops_ring, hangedman_decor_diamond_cutter,
          kennysheep_pointless_box, hellmonk_bongcloud_opening
D:6:      layout_loops_ring, elyvilon_altar_1, temple_green, serial_shops,
          kennysheep_mini_moat, nicolae_shop_competitors_out_of_business, shop,
          nicolae_shop_sticking_my_neck_out
D:7:      layout_basic
D:8:      layout_loops_ring
D:9:      layout_irregular_city, dpeg_oklobed_lair, serial_shops,
          nicolae_take_the_stairs, small_statue_intersection, st_stairs_5
D:10:     layout_long_grid, special_room [special_room_bee], uniq_sonja
D:11:     minmay_the_grid_octo_tiled_squarecenter_mashed
          [minmay_the_grid_octo_odd_swirl, minmay_the_grid_octo_77,
          minmay_the_grid_octo_pinwheel, minmay_the_grid_octo_tetromino_candy,
          minmay_the_grid_square_5x5_megaprize_open,
          minmay_the_grid_square_5x5_spiral_small,
          minmay_the_grid_square_5x5_checkered_sparse,
          minmay_the_grid_square_5x5_forky, minmay_the_grid_square_5x5_lines],
          layout_basic, erik_orc_1, portal_ice_cave_entry_pillars_2,
          grunt_livestock
D:12:     layout_basic, minivault_10, uniq_nessos
D:13:     layout_stronghold, serial_shops, shop,
          lemuel_zombie_altar_kikubaaqudgha
D:14:     layout_basic, david_vaults_3
D:15:     grunt_enter_depths_snipers, layout_rooms,
          nicolae_dithmenos_the_darkroom, serial_shops, nicolae_diamond_shop,
          kennysheep_kite_vault
Temple:   nicolae_temple_the_god_donut
Lair:1:   layout_regular_city
Lair:2:   layout_chaotic_city, minmay_lair_oklob_bushes, grunt_megastairs_2,
          uniq_urug, uniq_fannar
Lair:3:   layout_chaotic_city, minmay_snake_entry_guardpost_small,
          serial_bayou_pond_d
Lair:4:   nzn_winding_woodlands_medium [nzn_winding_woodlands_5x5_checkerboard,
          nzn_winding_woodlands_5x15_lazy_stream,
          nzn_winding_woodlands_5x5_perimeter,
          nzn_winding_woodlands_5x5_closed_star,
          nzn_winding_woodlands_center_lodge, nzn_winding_woodlands_5x5_default,
          nzn_winding_woodlands_5x5_three, nzn_winding_woodlands_5x15_parted,
          nzn_winding_woodlands_5x5_open_star], layout_cave_pods,
          elwin_shoals_entry_stream, basic_altar, infiniplex_staircase_pool
Lair:5:   layout_loops_ring, slime_dummy
Lair:6:   hellmonk_lair_end_abyssal_woods, layout_big_grid, basic_altar,
          uniq_snorg
Shoals:1: layout_shoals, gammafunk_ghost_necromancy
Shoals:2: layout_shoals, regret_index_shoals_crete, uniq_polyphemus, uniq_ilsuiw
Shoals:3: layout_shoals, serial_shops, nicolae_shop_crystal
Shoals:4: shoals_end_hangedman, layout_shoals, shoal_ilsuiw, serial_shops,
          nicolae_lakefront_shop, shop, nicolae_shop_trees
Snake:1:  layout_layer_cave, grunt_ministairs_2, drop_trap, grunt_megastairs_1,
          minmay_shop_star, uniq_asterion, uniq_josephine, uniq_roxanne,
          uniq_kirke
Snake:2:  layout_rooms, serial_shops, nicolae_shop_hallway_plus, drop_trap,
          nicolae_snake_slithery_hallway, uniq_aizul
Snake:3:  nicolae_snake_unarmed_stairs_patrol, layout_onion_interference
Snake:4:  grunt_snake_rune_spirals, layout_onion_interference, minmay_shop_grove
Orc:1:    layout_diamond_mine, basic_altar, bloody_makhleb
Orc:2:    st_orc_town, layout_caves, basic_altar, serial_shops, shop
Elf:1:    nicolae_elf_arrival_no_cutting_in_line, layout_gridlike, serial_shops,
          shop, hangedman_elf_disciples
Elf:2:    nicolae_elf_blades_splatter_lattice
          [nicolae_blade_entry_splitting_headache], layout_gridlike,
          ebering_ghost_xom, serial_shops, shop

Skill      XL: |  1  2  3  4  5  6  7  8  9 10 11 12 13 14 15 16 17 18 19 20 21 |
---------------+----------------------------------------------------------------+-----
Fighting       | 3 4 5 7 8 9 10 11 12 13 14 15 16 17 | 17.6
Unarmed Combat | 3 4 5 7 8 9 10 11 12 13 14 15 16 | 16.1
Spellcasting   | 3 4 5 6 7 8 9 10 11 12 13 14 | 14.0
Shields        | 1 3 4 5 |  5.0
Stealth        | 3 4 6 7 |  7.1
Throwing       | 1 3 5 6 8 |  8.5
Dodging        | 4 6 8 10 | 10.9
Armour         | 5 8 11 13 14 15 | 15.2

Action                   |  1- 3 |  4- 6 |  7- 9 | 10-12 | 13-15 | 16-18 | 19-21 || total
-------------------------+-------+-------+-------+-------+-------+-------+-------++-------
Melee: Unarmed           |   139 |    14 |       |    25 |       |       |   401 ||   579
       Punch             |     4 |     1 |       |       |       |       |    59 ||    64
       Headbutt          |     7 |       |       |     3 |       |       |       ||    10
       Glaive            |       |    33 |       |       |       |       |       ||    33
       War axe           |       |    83 |   386 |   341 |     5 |       |       ||   815
       Rapier            |       |       |       |   323 |  1258 |  1169 |  1721 ||  4471
Throw: Boomerang         |       |     5 |       |     1 |       |       |       ||     6
       Dart              |       |       |       |     9 |    24 |       |       ||    33
       Throwing net      |       |       |       |       |     1 |       |       ||     1
 Cast: Beastly Appendage |    10 |       |       |     2 |       |       |       ||    12
       Tukima's Dance    |       |       |    16 |    17 |     5 |       |       ||    38
       Petrify           |       |       |       |    17 |   139 |   109 |    25 ||   290
       Manifold Assault  |       |       |       |    13 |   223 |   213 |   351 ||   800
       Metabolic Englaci |       |       |       |     2 |    26 |       |       ||    28
       Blink             |       |       |       |     2 |     2 |     3 |     2 ||     9
       Lee's Rapid Decon |       |       |       |       |    28 |     4 |     4 ||    36
       Corpse Rot        |       |       |       |       |     1 |       |       ||     1
       Summon Cactus Gia |       |       |       |       |    15 |    24 |    37 ||    76
       Starburst         |       |       |       |       |       |    38 |    12 ||    50
       Storm Form        |       |       |       |       |       |       |    20 ||    20
       Spellforged Servi |       |       |       |       |       |       |     7 ||     7
Invok: Curse Item        |       |       |     1 |     3 |     1 |       |     1 ||     6
 Abil: Blinkbolt         |       |       |       |       |       |       |    22 ||    22
       End Transformatio |       |       |       |       |       |       |     2 ||     2
Evoke: Wand              |       |       |     5 |    19 |     4 |     2 |     2 ||    32
       Piece from Xom's  |       |       |     3 |     7 |       |       |       ||    10
       Lightning rod     |       |       |       |       |       |     4 |       ||     4
  Use: Scroll            |     1 |     7 |     8 |     5 |     7 |     3 |     8 ||    39
       Potion            |     4 |       |     1 |     8 |     1 |     5 |     5 ||    24
 Stab: Paralysed         |       |       |    14 |     8 |       |       |     2 ||    24
       Confused          |       |       |     1 |       |       |       |       ||     1
       Sleeping          |       |       |       |     3 |     9 |    13 |    11 ||    36
       Petrified         |       |       |       |    28 |   185 |   143 |    31 ||   387
       Petrifying        |       |       |       |     3 |    22 |    28 |     3 ||    56
       Distracted        |       |       |       |       |       |     1 |     7 ||     8
       Invisible         |       |       |       |       |       |       |     7 ||     7
Armor: Leather armour    |    39 |    54 |   202 |   196 |       |       |       ||   491
       Acid dragon scale |       |       |       |   197 |   328 |       |       ||   525
       Robe              |       |       |       |     4 |       |       |       ||     4
       Skin              |       |       |       |     2 |       |       |   140 ||   142
       Troll leather arm |       |       |       |       |   135 |   350 |   615 ||  1100
Dodge: Dodged            |    74 |    88 |   224 |   422 |   705 |   652 |  1674 ||  3839
Block: Buckler           |       |    43 |   180 |   319 |   460 |   443 |   752 ||  2197
       Reflection        |       |     1 |     4 |    12 |    17 |    47 |    61 ||   142

Table legend: (Time is in decaauts)
 A = Elapsed time spent in this place.
 B = Non-inter-level travel time spent in this place.
 C = Inter-level travel time spent in this place.
 D = Time resting spent in this place.
 E = Time spent auto-exploring this place.
 F = Levels seen in this place.
 G = Mean time per level.
                   A        B        C        D        E       F      G
               +--------+--------+--------+--------+--------+-----+--------+
         Total |  59098 |  54677 |   4421 |  15750 |  18555 |  38 | 1555.2 |
       Dungeon |  26422 |  23552 |   2870 |   6702 |   8695 |  15 | 1761.5 |
        Temple |     63 |     43 |     20 |      0 |     21 |   1 |   63.0 |
          Lair |  16897 |  16216 |    681 |   7615 |   4200 |   6 | 2816.2 |
        Shoals |   4823 |   4608 |    215 |    228 |   2189 |   4 | 1205.8 |
     Snake Pit |   4651 |   4374 |    277 |    282 |   1724 |   4 | 1162.8 |
  Orcish Mines |   2211 |   1972 |    239 |    169 |    768 |   2 | 1105.5 |
   Elven Halls |   1871 |   1754 |    117 |     13 |    926 |   2 |  935.5 |
         Abyss |   1249 |   1249 |      0 |     50 |     27 |   2 |  624.5 |
         Sewer |    721 |    721 |      0 |    521 |      5 |   1 |  721.0 |
      Ice Cave |    187 |    187 |      0 |    170 |      0 |   1 |  187.0 |
               +--------+--------+--------+--------+--------+-----+--------+

Top non-repeatable levels by time:
    D:11: 4544 daAuts
  Lair:6: 3577 daAuts
     D:9: 3561 daAuts
  Lair:2: 3027 daAuts
  Lair:3: 2710 daAuts
  Lair:4: 2665 daAuts
  Lair:5: 2613 daAuts
  Lair:1: 2303 daAuts
     D:8: 1955 daAuts
    D:13: 1778 daAuts
 Snake:1: 1748 daAuts
    D:10: 1649 daAuts
    D:14: 1604 daAuts
Shoals:2: 1514 daAuts
     D:7: 1492 daAuts
